 Dungeon Crawl Stone Soup version 0.19.4-8-ga85b6b9 (webtiles) character file.

272 NTAmi the Chiller (level 6, 0/47 HPs)
             Began as a Draconian Ice Elementalist on Feb 12, 2017.
             Slain by an ogre
             ... wielding a +0 giant club
              (4 damage)
             ... on level 5 of the Dungeon.
             The game lasted 00:44:15 (3530 turns).

NTAmi the Chiller (Draconian Ice Elementalist)      Turns: 3530, Time: 00:44:16

Health: 0/47       AC: 11    Str: 10      XL:     6   Next: 2%
Magic:  9/11       EV: 12    Int: 15 (18) God:
Gold:   236        SH:  0    Dex:  9 (11) Spells: 4 memorised, 4 levels left

rFire  . . .     SeeInvis .     N - +1 flail (crush)
rCold  . . .     Gourm    .     (armour unavailable)
rNeg   . . .     Faith    .     (no shield)
rPois  .         Spirit   .     (helmet restricted)
rElec  .         Reflect  .     (no cloak)
rCorr  .         Harm     .     (no gloves)
MR     .....                    (no boots)
Stlth  ++........               (no amulet)
                                (no ring)
                                P - ring of flight

@: icy armour, slow
A: unfitting armour, horns 1, mutation resistance 1, cold-blooded, AC +6
a: Evoke Flight


You were on level 5 of the Dungeon.
You were not hungry.

You visited 1 branch of the dungeon, and saw 5 of its levels.

You collected 236 gold pieces.

Inventory:

Hand Weapons
 k - a +0 dagger
 n - a +0 hunting sling
 r - a +0 shortbow
 u - a +0 hand axe
 v - a +3 whip
 x - a +0 dagger
 A - a +0 short sword
 M - a +0 blowgun
 N - a +1 flail of crushing (weapon)
Missiles
 f - 31 bolts
 h - 2 javelins of returning
 l - 119 stones (quivered)
 m - 95 arrows
 s - 61 sling bullets
 K - 25 poisoned needles
Magical Staves
 y - an uncursed staff of conjuration
Jewellery
 L - an uncursed ring of fire
 P - a ring of flight (left hand)
Wands
 g - a wand of iceblast (8/15)
Scrolls
 e - 2 scrolls of immolation {unknown}
 j - 2 scrolls of teleportation {unknown}
 p - 2 scrolls of blinking {unknown}
 q - a scroll of enchant weapon {unknown}
 t - 10 scrolls of identify {unknown}
 w - a scroll of random uselessness {unknown}
 z - 4 scrolls of remove curse
 C - 2 scrolls of fog {unknown}
 H - a scroll of enchant armour {unknown}
Potions
 c - a potion of curing
 d - a potion of cancellation
 D - a potion of resistance
Books
 a - a book of Frost

   Spells                             Type                      Level
   a - Freeze                         Ice                          1
   b - Throw Frost                    Conjuration/Ice              2
   c - Ozocubu's Armour               Charms/Ice                   3
   d - Throw Icicle                   Conjuration/Ice              4
   e - Summon Ice Beast               Ice/Summoning                4
 o - a book of Necromancy

   Spells                             Type                      Level
   a - Pain                           Necromancy                   1
   b - Animate Skeleton               Necromancy                   1
   c - Vampiric Draining              Necromancy                   3
   d - Regeneration                   Charms/Necromancy            3
   e - Animate Dead                   Necromancy                   4
   f - Control Undead                 Necromancy                   4
Comestibles
 b - 2 bread rations
 i - 2 chunks of flesh
 E - 2 slices of pizza
 F - 3 fruits
 J - a beef jerky


   Skills:
 + Level 1.2 Fighting
 + Level 2.0 Maces & Flails
 + Level 1.0 Throwing
 + Level 2.4 Dodging
 + Level 2.1 Stealth
 + Level 3.5 Spellcasting
   Level 1.0 Conjurations
 + Level 0.5 Charms
 + Level 1.0 Necromancy
 + Level 4.1 Ice Magic


You had 4 spell levels left.
You knew the following spells:

 Your Spells              Type           Power        Failure   Level  Hunger
a - Freeze                Ice            ##..         4%          1    None
b - Ozocubu's Armour      Chrm/Ice       #.......     24%         3    ###....
c - Animate Skeleton      Necr           N/A          14%         1    None
d - Vampiric Draining     Necr           #.........   43%         3    ###....


Dungeon Overview and Level Annotations

Branches:
Dungeon (5/15)
 Temple: D:4-7

Altars:
Elyvilon
Ru


Innate Abilities, Weirdness & Mutations

Your plain brown scales are hard. (AC +6)
You cannot fit into any form of body armour.
You are cold-blooded and may be slowed by cold attacks.
You have a pair of small horns on your head.
You are somewhat resistant to further mutation.


Message History

Confirm with . or Enter, or press ? or * to list all spells.
Aiming: Freeze
Press: ? - help, Shift-Dir - straight line, f - ogre
Aim: an ogre, wielding a giant club You freeze the ogre.
The ogre is lightly wounded.
The ogre hits you with a giant club!
You barely miss the ogre.
The ogre is lightly wounded.
The ogre misses you.
You hit the ogre.
The ogre is moderately wounded.
The ogre misses you.
You hit the ogre.
Your tail-slap misses the ogre.
The ogre is moderately wounded.
The ogre hits you with a giant club!!
* * * LOW HITPOINT WARNING * * *
Found 10 gold pieces.
The ogre hits you with a giant club.
You die...

.##
#####♣.#
##$..##.#
#.♣.♣.#.#
#..<....#
#.♣.♣.#.#
##...##.#
#.♣#####♣.#
#.$...@O##
#########


You could see an ogre.

Vanquished Creatures
  An ogre (D:4)
  An orc wizard (D:4)
  A worker ant (D:4)
  3 adders
  An ooze (D:1)
  3 worms
  A dart slug (D:3)
  2 leopard geckos
  9 orcs
  2 ball pythons
  5 giant cockroaches
  7 goblins
  10 hobgoblins
  3 jackals (D:2)
  2 quokkas (D:3)
  11 bats
  6 frilled lizards
  6 kobolds
  3 rats
77 creatures vanquished.

Vanquished Creatures (collateral kills)
  An adder (D:4)
  A worm (D:2)
  An orc (D:3)
  A bat (D:3)
4 creatures vanquished.

Grand Total: 81 creatures vanquished

Notes
Turn   | Place    | Note
-------+----------+-------------------------------------------
     0 | D:1      | NTAmi the Draconian Ice Elementalist began the quest for the Orb.
     0 | D:1      | Reached XP level 1. HP: 14/14 MP: 3/3
   261 | D:1      | Reached XP level 2. HP: 14/20 MP: 0/5
   776 | D:2      | Reached XP level 3. HP: 5/26 MP: 1/6
   977 | D:2      | Learned a level 3 spell: Ozocubu's Armour
  1153 | D:2      | Learned a level 1 spell: Animate Skeleton
  1470 | D:2      | Found a white marble altar of Elyvilon.
  1505 | D:2      | Reached XP level 4. HP: 33/33 MP: 4/8
  1974 | D:3      | Reached skill level 1 in Maces & Flails
  2118 | D:3      | Found a sacrificial altar of Ru.
  2363 | D:3      | Learned a level 3 spell: Vampiric Draining
  2568 | D:5      | Entered Level 5 of the Dungeon
  2716 | D:4      | Reached skill level 1 in Necromancy
  2716 | D:4      | Reached XP level 5. HP: 12/39 MP: 0/9
  2719 | D:4      | Gained mutation: You are somewhat resistant to further mutation. [potion of mutation]
  2723 | D:4      | Gained mutation: You have a pair of small horns on your head. [potion of mutation]
  2894 | D:4      | Noticed an ogre
  3006 | D:4      | Killed an ogre
  3006 | D:4      | Reached skill level 1 in Fighting
  3006 | D:4      | Reached skill level 1 in Throwing
  3006 | D:4      | Reached skill level 4 in Ice Magic
  3363 | D:4      | Reached XP level 6. HP: 47/47 MP: 6/11
  3530 | D:5      | Slain by an ogre

Skill      XL: |  1  2  3  4  5  6 |
---------------+-------------------+-----
Dodging        | 2 |  2.4
Maces & Flails | 1 2 |  2.0
Spellcasting   | 3 |  3.5
Necromancy     | 1 |  1.0
Fighting       | 1 |  1.2
Throwing       | 1 |  1.0
Stealth        | 2 |  2.1
Ice Magic      | 4 |  4.1
Conjurations   | |  1.0
Charms         | |  0.5

Action                   |  1- 3 |  4- 6 || total
-------------------------+-------+-------++-------
Melee: Unarmed           |     4 |       ||     4
       Mace              |    47 |    21 ||    68
       Club              |     4 |       ||     4
       Tailslap          |     3 |    10 ||    13
       Whip              |       |    58 ||    58
       Headbutt          |       |     2 ||     2
       Flail             |       |     4 ||     4
 Fire: Blowgun           |       |     5 ||     5
Throw: Stone             |    42 |    21 ||    63
 Cast: Freeze            |    55 |    29 ||    84
       Animate Skeleton  |     5 |    16 ||    21
       Ozocubu's Armour  |     3 |     7 ||    10
  Use: Potion            |     1 |     8 ||     9
       Scroll            |       |     1 ||     1
 Stab: Sleeping          |     5 |     4 ||     9
  Eat: Chunk             |     1 |     8 ||     9
       Pizza             |     1 |       ||     1
Armor: Skin              |    25 |    32 ||    57
Dodge: Dodged            |    60 |    70 ||   130
